Get step-by-step instructions on how to execute this build order below. Start the game timer, and the build order will tick by so you can play in parallel with StarCraft on a second screen or mobile device.

Game Time

  0:00

Last Step

  N/A

Next Step

  12  0:01  Probe (Chrono Boost)  

Upcoming Step

  13  0:11  Probe (Chrono Boost)  

Don't want to look back and forth between 2 screens? Try out our Overwolf App, the Spawning Tool Build Advisor to get an in-game overlay with this build!

Complete Build Order

  12  0:01  Probe (Chrono Boost)  
  13  0:11  Probe (Chrono Boost)  
  14  0:19  Pylon  
  14  0:22  Probe (Chrono Boost)  
  15  0:37  Probe (Chrono Boost)  
  15  0:39  Gateway  
  16  0:44  Assimilator  
  16  0:53  Pylon  
  16  1:15  Assimilator  
  16  1:28  Zealot  
  16  1:29  Cybernetics Core  
  18  1:45  Probe (Chrono Boost)  
  19  1:57  Pylon  
  19  2:00  Probe (Chrono Boost)  
  20  2:01  Warp Gate  
  20  2:04  Adept  
  22  2:12  Probe (Chrono Boost)  
  24  2:24  Probe (Chrono Boost)  
  24  2:29  Adept  
  24  2:36  Probe (Chrono Boost)  
  27  2:48  Probe (Chrono Boost)  
  28  2:54  Stalker  
  30  5:23  Sentry  
  30  5:24  Probe (Chrono Boost)  
  30  5:25  Pylon  
  33  5:34  Nexus  
  33  5:45  Zealot  
  33  5:46  Robotics Facility, Probe (Chrono Boost)  
  36  5:50  Pylon  
  36  5:57  Probe (Chrono Boost)  
  37  6:07  Stalker  
  37  6:08  Probe (Chrono Boost)  
  32  6:29  Sentry  
  32  6:32  Observer  
  35  6:48  Probe (Chrono Boost)  
  35  6:52  Stalker, Probe (Chrono Boost)  
  35  6:53  Observer  
  40  6:55  Assimilator  
  40  6:56  Assimilator  
  40  6:59  Probe (Chrono Boost)  
  41  7:02  Probe (Chrono Boost)  
  42  7:11  Probe (Chrono Boost)  
  42  7:13  Probe (Chrono Boost)  
  42  7:14  Zealot  
  46  7:22  Probe (Chrono Boost)  
  46  7:23  Probe (Chrono Boost)  
  47  7:34  Probe x2 (Chrono Boost)  
  47  7:36  Adept  
  51  7:45  Probe x2 (Chrono Boost)  
  53  7:55  Probe (Chrono Boost)  
  53  7:56  Probe (Chrono Boost)  
  55  8:06  Probe (Chrono Boost)  
  55  8:07  Probe (Chrono Boost)  
  57  8:16  Probe (Chrono Boost)  
  57  8:18  Probe (Chrono Boost)  
  59  8:27  Probe (Chrono Boost)  
  59  8:28  Probe (Chrono Boost)  
  61  8:38  Probe (Chrono Boost)  
  61  8:39  Probe (Chrono Boost)  
  61  8:41  Pylon  
  64  8:48  Probe (Chrono Boost)  
  64  8:49  Probe (Chrono Boost)  
  64  8:55  Observer  
  65  9:37  Sentry  
  61  9:42  Pylon  
  53  9:49  Immortal  
  45  9:53  Probe (Chrono Boost)  
  44  10:05  Probe (Chrono Boost)  
  44  10:06  Zealot  
  31  10:15  Gateway  
  31  10:17  Forge, Probe (Chrono Boost)  
  35  10:29  Probe (Chrono Boost)  
  35  10:31  Nexus  
  35  10:35  Robotics Bay  
  31  10:39  Assimilator  
  31  10:40  Stargate  
  32  10:43  Assimilator  
  27  10:51  Pylon